Workbook

Sheet Приложение 1
C1: Приложение 1 к решению Совета депутатов Кочуновского сельского поселения Ромодановского муниципального района Республики Мордовия «О внесении изменений в решение Совета депутатов Кочуновского сельского поселения Ромодановского муниципального района Республики Мордовия от 25 декабря 2025 г № 100 «О бюджете Кочуновского сельского поселения Ромодановского муниципального района Республики Мордовия на 2026 год и на плановый период 2027 и 2028 годов» Приложение 2 к решению Совета депутатов Кочуновского сельского поселения Ромодановского муниципального района Республики Мордовия «О бюджете Кочуновского сельского поселения Ромодановского муниципального района Республики Мордовия на 2026 год и на плановый период 2027и 2028 годов»
A6: ОБЪЕМ БЕЗВОЗМЕЗДНЫХ ПОСТУПЛЕНИЙ В БЮДЖЕТ КОЧУНОВСКОГО СЕЛЬСКОГО ПОСЕЛЕНИЯ РОМОДАНОВСКОГО МУНИЦИПАЛЬНОГО РАЙОНА РЕСПУБЛИКИ МОРДОВИЯ НА 2026 ГОД И НА ПЛАНОВЫЙ ПЕРИОД 2027 И 2028 ГОДОВ
E7: (тыс. рублей)
A8: Код | B8: Наименование | C8: Сумма
C9: 2026 год | D9: 2027 год | E9: 2028 год
A10: 1 | B10: 2 | C10: 3 | D10: 4 | E10: 5
A11: 2 00 00000 00 0000 000 | B11: БЕЗВОЗМЕЗДНЫЕ ПОСТУПЛЕНИЯ | C11: =C12 -> 3006 | D11: =D12 -> 1724.9 | E11: =E12 -> 1840.9
A12: 2 02 00000 00 0000 000 | B12: Безвозмездные поступления от других бюджетов бюджетной системы Российской Федерации | C12: =C13+C21+C26+C18 -> 3006 | D12: =D13+D21+D26 -> 1724.9 | E12: =E13+E21+E26 -> 1840.9
A13: 2 02 10000 00 0000 150 | B13: Дотации бюджетам бюджетной системы Российской Федерации | C13: =C14+C16 -> 1618.8 | D13: =D14 -> 983.2 | E13: =E14 -> 1011.8
A14: 2 02 15001 00 0000 150 | B14: Дотации на выравнивание бюджетной обеспеченности | C14: =C15 -> 1098.2 | D14: =D15 -> 983.2 | E14: =E15 -> 1011.8
A15: 2 02 15001 10 0000 150 | B15: Дотации бюджетам сельских поселений на выравнивание бюджетной обеспеченности из бюджета субъекта Российской Федерации | C15: 1098.2 | D15: 983.2 | E15: 1011.8
A16: 2 02 15002 00 0000 150 | B16: Дотация бюджетам на поддержку мер по обеспечению сбалансированности бюджетов | C16: =C17 -> 520.6
A17: 2 02 15002 10 0000 150 | B17: Дотации бюджетам сельских поселений на поддержку мер по обеспечению сбалансированности бюджетов | C17: 520.6
A18: 2 02 20000 00 0000 150 | B18: Субсидии бюджетам бюджетной системы Российской Федерации (межбюджетные субсидии) | C18: =C19 -> 100
A19: 2 02 29999 00 0000 150 | B19: Прочие субсидии | C19: =C20 -> 100
A20: 2 02 29999 10 0000 150 | B20: Прочие субсидии бюджетам сельских поселений | C20: 100
A21: 2 02 30000 00 0000 150 | B21: Субвенции бюджетам бюджетной системы Российской Федерации | C21: =C22+C24 -> 218.2 | D21: =D22+D24 -> 244.7 | E21: =E22+E24 -> 312.1
A22: 2 02 30024 00 0000 150 | B22: Субвенции местным бюджетам на выполнение передаваемых полномочий субъектов Российской Федерации | C22: =C23 -> 0.8 | D22: =D23 -> 0.9 | E22: =E23 -> 0.9
A23: 2 02 30024 10 0000 150 | B23: Субвенции бюджетам сельских поселений на выполнение передаваемых полномочий субъектов Российской Федерации | C23: 0.8 | D23: 0.9 | E23: 0.9
A24: 2 02 35118 00 0000 150 | B24: Субвенции бюджетам на осуществление первичного воинского учета органами местного самоуправления поселений,муниципальных и городских округов | C24: =C25 -> 217.4 | D24: =D25 -> 243.8 | E24: =E25 -> 311.2
A25: 2 02 35118 10 0000 150 | B25: Субвенции бюджетам сельских поселений на осуществление первичного воинского учета органами местного самоуправления поселений,муниципальных и городских округов | C25: 217.4 | D25: 243.8 | E25: 311.2
A26: 2 02 40000 00 0000 150 | B26: Иные межбюджетные трансферты | C26: =C27 -> 1069 | D26: =D27 -> 497 | E26: =E27 -> 517
A27: 2 02 40014 00 0000 150 | B27: Межбюджетные трансферты, передаваемые бюджетам муниципальных образований на осуществление части полномочий по решению вопросов местного значения в соответствии с заключенными соглашениями | C27: =C28 -> 1069 | D27: =D28 -> 497 | E27: =E28 -> 517
A28: 2 02 40014 10 0000 150 | B28: Межбюджетные трансферты, передаваемые бюджетам сельских поселений из бюджетов муниципальных районов на осуществление части полномочий по решению вопросов местного значения в соответствии с заключенными соглашениями | C28: 1069 | D28: 497 | E28: 517

Sheet Приложение 2
I1: Приложение 2 к решению Совета депутатов Кочуновского сельского поселения Ромодановского муниципального района Республики Мордовия «О внесении изменений в решение Совета депутатов Кочуновского сельского поселения Ромодановского муниципального района Республики Мордовия от 25 декабря 2025 г № 100 «О бюджете Кочуновского сельского поселения Ромодановского муниципального района Республики Мордовия на 2026 год и на плановый период 2027 и 2028 годов» Приложение 3 к решению Совета депутатов Кочуновского сельского поселения Ромодановского муниципального района Республики Мордовия «О бюджете Кочуновского сельского поселения Ромодановского муниципального района Республики Мордовия на 2026 год и на плановый период 2027 и 2028 годов»
A2: ВЕДОМСТВЕННАЯ СТРУКТУРА РАСХОДОВ БЮДЖЕТА КОЧУНОВСКОГО СЕЛЬСКОГО ПОСЕЛЕНИЯ РОМОДАНОВСКОГО МУНИЦИПАЛЬНОГО РАЙОНА РЕСПУБЛИКИ МОРДОВИЯ НА 2026 ГОД И НА ПЛАНОВЫЙ ПЕРИОД 2027 И 2028 ГОДОВ
I3: (тыс. рублей)
A4: Наименование | B4: Адм | C4: Рз | D4: Прз | E4: Цср | I4: Вр | J4: Сумма
J5: 2026 год | K5: 2027 год | L5: 2028 год
A6: 1 | B6: 2 | C6: 3 | D6: 4 | E6: 5 | F6: 6 | G6: 7 | H6: 8 | I6: 9 | J6: 10 | K6: 11 | L6: 12
A7: Администрация Кочуновского сельского поселения Ромодановского муниципального района Республики Мордовия | B7: 913 | J7: =J8+J40+J49+J62+J73+J87+J80 -> 3910 | K7: =K8+K40+K49+K62+K73+K87+K80 -> 2306.3 | L7: =L8+L40+L49+L62+L73+L80+L87 -> 2430.2
A8: Общегосударственные вопросы | B8: 913 | C8: 01 | J8: =J9+J18+J34 -> 2001.7 | K8: =K9+K18+K34 -> 1240 | L8: =L9+L18+L34 -> 1242.7
A9: Функционирование высшего должностного лица субъекта Российской Федерации и муниципального образования | B9: 913 | C9: 01 | D9: 02 | J9: =J10 -> 848.5 | K9: =K10 -> 500.9 | L9: =L10 -> 458.8
A10: Обеспечение деятельности Администрации Кочуновского сельского поселения Ромодановского муниципального района Республики Мордовия | B10: 913 | C10: 01 | D10: 02 | E10: 65 | J10: =J11+J17 -> 848.5 | K10: =K11 -> 500.9 | L10: =L11 -> 458.8
A11: Высшее должностное лицо | B11: 913 | C11: 01 | D11: 02 | E11: 65 | F11: 1 | J11: =J12 -> 748.5 | K11: =K12 -> 500.9 | L11: =L12 -> 458.8
A12: Расходы на выплаты по оплате труда высшего должностного лица | B12: 913 | C12: 01 | D12: 02 | E12: 65 | F12: 1 | G12: 00 | H12: 41150 | J12: =J13 -> 748.5 | K12: =K13 -> 500.9 | L12: =L13 -> 458.8
A13: Расходы на выплаты персоналу в целях обеспечения выполнения функций государственными (муниципальными) органами, казенными учреждениями, органами управления государственными внебюджетными фондами | B13: 913 | C13: 01 | D13: 02 | E13: 65 | F13: 1 | G13: 00 | H13: 41150 | I13: 100 | J13: =J14 -> 748.5 | K13: =K14 -> 500.9 | L13: =L14 -> 458.8
A14: Расходы на выплаты персоналу государственных (муниципальных) органов | B14: 913 | C14: 01 | D14: 02 | E14: 65 | F14: 1 | G14: 00 | H14: 41150 | I14: 120 | J14: 748.5 | K14: 500.9 | L14: 458.8
A15: ='[1]Приложение 3'!$A$15 -> Субсидии на со финансирование расходных обязательств по финансовому обеспечению деятельности органов местного самоуправления и муниципальных учреждений | B15: 913 | C15: 01 | D15: 02 | E15: 65 | F15: 1 | G15: 00 | H15: 44205 | J15: =J16 -> 100
A16: =A13 -> Расходы на выплаты персоналу в целях обеспечения выполнения функций государственными (муниципальными) органами, казенными учреждениями, органами управления государственными внебюджетными фондами | B16: 913 | C16: 01 | D16: 02 | E16: 65 | F16: 1 | G16: 00 | H16: 44205 | I16: 100 | J16: =J17 -> 100
A17: =A14 -> Расходы на выплаты персоналу государственных (муниципальных) органов | B17: 913 | C17: 01 | D17: 02 | E17: 65 | F17: 1 | G17: 00 | H17: 44205 | I17: 120 | J17: 100
A18: Функционирование Правительства Российской Федерации, высших исполнительных органов государственной власти субъектов Российской Федерации, местных администраций | B18: 913 | C18: 01 | D18: 04 | J18: =J19+J29 -> 1148.2 | K18: =K19+K29 -> 734.1 | L18: =L19+L29 -> 778.9
A19: Обеспечение деятельности Администрации Кочуновского сельского поселения Ромодановского муниципального района Республики Мордовия | B19: 913 | C19: 01 | D19: 04 | E19: 65 | J19: =J20 -> 1147.4 | K19: =K20 -> 733.2 | L19: =L20 -> 778
A20: Расходы в рамках обеспечения деятельности Администрации Кочуновского сельского поселения | B20: 913 | C20: 01 | D20: 04 | E20: 65 | F20: 2 | J20: =J21+J24 -> 1147.4 | K20: =K21+K24 -> 733.2 | L20: =L21+L24 -> 778
A21: Расходы на выплаты по оплате труда работников органов местного самоуправления | B21: 913 | C21: 01 | D21: 04 | E21: 65 | F21: 2 | G21: 00 | H21: 41110 | J21: =J22 -> 782.2 | K21: =K22 -> 606.7 | L21: =L22 -> 650
A22: Расходы на выплаты персоналу в целях обеспечения выполнения функций государственными (муниципальными) органами, казенными учреждениями, органами управления государственными внебюджетными фондами | B22: 913 | C22: 01 | D22: 04 | E22: 65 | F22: 2 | G22: 00 | H22: 41110 | I22: 100 | J22: =J23 -> 782.2 | K22: =K23 -> 606.7 | L22: =L23 -> 650
A23: Расходы на выплаты персоналу государственных (муниципальных) органов | B23: 913 | C23: 01 | D23: 04 | E23: 65 | F23: 2 | G23: 00 | H23: 41110 | I23: 120 | J23: 782.2 | K23: 606.7 | L23: 650
A24: Расходы на обеспечение выполнения функций органов местного самоуправления | B24: 913 | C24: 01 | D24: 04 | E24: 65 | F24: 2 | G24: 00 | H24: 41120 | J24: =+J25+J27 -> 365.2 | K24: =+K25+K27 -> 126.5 | L24: =L25+L27 -> 128
A25: Закупка товаров, работ и услуг для обеспечения государственных (муниципальных) нужд | B25: 913 | C25: 01 | D25: 04 | E25: 65 | F25: 2 | G25: 00 | H25: 41120 | I25: 200 | J25: =J26 -> 363.2 | K25: =K26 -> 124.5 | L25: =L26 -> 126
A26: Иные закупки товаров, работ и услуг для обеспечения государственных (муниципальных) нужд | B26: 913 | C26: 01 | D26: 04 | E26: 65 | F26: 2 | G26: 00 | H26: 41120 | I26: 240 | J26: 363.2 | K26: 124.5 | L26: 126
A27: Иные бюджетные ассигнования | B27: 913 | C27: 01 | D27: 04 | E27: 65 | F27: 2 | G27: 00 | H27: 41120 | I27: 800 | J27: =J28 -> 2 | K27: =K28 -> 2 | L27: =L28 -> 2
A28: Уплата налогов, сборов и иных платежей | B28: 913 | C28: 01 | D28: 04 | E28: 65 | F28: 2 | G28: 00 | H28: 41120 | I28: 850 | J28: 2 | K28: 2 | L28: 2
A29: Непрограммные расходы главных распорядителей средств бюджета Кочуновского сельского поселения Ромодановского муниципального района Республики Мордовия | B29: 913 | C29: 01 | D29: 04 | E29: 89 | J29: =J30 -> 0.8 | K29: =K30 -> 0.9 | L29: =L30 -> 0.9
A30: Непрограммные расходы в рамках обеспечения деятельности главных распорядителей средств бюджета Кочуновского сельского поселения Ромодановского муниципального района Республики Мордовия | B30: 913 | C30: 01 | D30: 04 | E30: 89 | F30: 1 | J30: =J31 -> 0.8 | K30: =K31 -> 0.9 | L30: =L31 -> 0.9
A31: Осуществление государственных полномочий Республики Мордовия по определению перечня должностных лиц, уполномоченных составлять протоколы об административных правонарушениях, предусмотренных Законом Республики Мордовия от 15 июня 2015 года № 38-З "Об административной ответственности на территории Республики Мордовия" | B31: 913 | C31: 01 | D31: 04 | E31: 89 | F31: 1 | G31: 00 | H31: 77150 | J31: =J32 -> 0.8 | K31: =K32 -> 0.9 | L31: =L32 -> 0.9
A32: Закупка товаров, работ и услуг для обеспечения государственных (муниципальных) нужд | B32: 913 | C32: 01 | D32: 04 | E32: 89 | F32: 1 | G32: 00 | H32: 77150 | I32: 200 | J32: =J33 -> 0.8 | K32: =K33 -> 0.9 | L32: =L33 -> 0.9
A33: Иные закупки товаров, работ и услуг для обеспечения государственных (муниципальных) нужд | B33: 913 | C33: 01 | D33: 04 | E33: 89 | F33: 1 | G33: 00 | H33: 77150 | I33: 240 | J33: 0.8 | K33: 0.9 | L33: 0.9
A34: Резервные фонды | B34: 913 | C34: 01 | D34: 11 | J34: =J35 -> 5 | K34: =K35 -> 5 | L34: =L35 -> 5
A35: Непрограммные расходы главных распорядителей средств бюджета Кочуновского сельского поселения Ромодановского муниципального района Республики Мордовия | B35: 913 | C35: 01 | D35: 11 | E35: 89 | J35: =J36 -> 5 | K35: =K36 -> 5 | L35: =L36 -> 5
A36: Непрограммные расходы в рамках обеспечения деятельности главных распорядителей средств бюджета Кочуновского сельского поселения Ромодановского муниципального района Республики Мордовия | B36: 913 | C36: 01 | D36: 11 | E36: 89 | F36: 1 | J36: =J37 -> 5 | K36: =K37 -> 5 | L36: =L37 -> 5
A37: Резервный фонд администрации Кочуновского сельского поселения Ромодановского муниципального района Республики Мордовия | B37: 913 | C37: 01 | D37: 11 | E37: 89 | F37: 1 | G37: 00 | H37: 41180 | J37: =J39 -> 5 | K37: =K39 -> 5 | L37: =L38 -> 5
A38: Иные бюджетные ассигнования | B38: 913 | C38: 01 | D38: 11 | E38: 89 | F38: 1 | G38: 00 | H38: 41180 | I38: 800 | J38: =J39 -> 5 | K38: =K39 -> 5 | L38: =L39 -> 5
A39: Резервные средства | B39: 913 | C39: 01 | D39: 11 | E39: 89 | F39: 1 | G39: 00 | H39: 41180 | I39: 870 | J39: 5 | K39: 5 | L39: 5
A40: Национальная оборона | B40: 913 | C40: 02 | J40: =J41 -> 217.4 | K40: =K41 -> 243.8 | L40: =L41 -> 311.2
A41: Мобилизационная и вневойсковая подготовка | B41: 913 | C41: 02 | D41: 03 | J41: =J42 -> 217.4 | K41: =K42 -> 243.8 | L41: =L42 -> 311.2
A42: =A35 -> Непрограммные расходы главных распорядителей средств бюджета Кочуновского сельского поселения Ромодановского муниципального района Республики Мордовия | B42: 913 | C42: 02 | D42: 03 | E42: 89 | J42: =J43 -> 217.4 | K42: =K43 -> 243.8 | L42: =L43 -> 311.2
A43: =A36 -> Непрограммные расходы в рамках обеспечения деятельности главных распорядителей средств бюджета Кочуновского сельского поселения Ромодановского муниципального района Республики Мордовия | B43: 913 | C43: 02 | D43: 03 | E43: 89 | F43: 1 | J43: =J44 -> 217.4 | K43: =K44 -> 243.8 | L43: =L44 -> 311.2
A44: Осуществление государственных полномочий Российской Федерации по воинскому учету в поселениях, на территориях которых отсутствуют структурные подразделения военных комиссариатов | B44: 913 | C44: 02 | D44: 03 | E44: 89 | F44: 1 | G44: 00 | H44: 51180 | J44: =J47+J45 -> 217.4 | K44: =K47+K45 -> 243.8 | L44: =L45+L47 -> 311.2
A45: Расходы на выплаты персоналу в целях обеспечения выполнения функций государственными (муниципальными) органами, казенными учреждениями, органами управления государственными внебюджетными фондами | B45: 913 | C45: 02 | D45: 03 | E45: 89 | F45: 1 | G45: 00 | H45: 51180 | I45: 100 | J45: =J46 -> 214.4 | K45: =K46 -> 240.8 | L45: =L46 -> 308.2
A46: Расходы на выплаты персоналу государственных (муниципальных) органов | B46: 913 | C46: 02 | D46: 03 | E46: 89 | F46: 1 | G46: 00 | H46: 51180 | I46: 120 | J46: 214.4 | K46: 240.8 | L46: 308.2
A47: Закупка товаров, работ и услуг для обеспечения государственных (муниципальных) нужд | B47: 913 | C47: 02 | D47: 03 | E47: 89 | F47: 1 | G47: 00 | H47: 51180 | I47: 200 | J47: =J48 -> 3 | K47: =K48 -> 3 | L47: =L48 -> 3
A48: Иные закупки товаров, работ и услуг для обеспечения государственных (муниципальных) нужд | B48: 913 | C48: 02 | D48: 03 | E48: 89 | F48: 1 | G48: 00 | H48: 51180 | I48: 240 | J48: 3 | K48: 3 | L48: 3
A49: Национальная экономика | B49: 913 | C49: 04 | J49: =J50+J56 -> 1104 | K49: =K50 -> 497 | L49: =L50 -> 517
A50: Дорожное хозяйство (дорожные фонды) | B50: 913 | C50: 04 | D50: 09 | J50: =J51 -> 1069 | K50: =K51 -> 497 | L50: =L51 -> 517
A51: Муниципальная программа "Комплексного развития транспортной инфраструктуры Кочуновского сельского поселения Ромодановского муниципального района Республики Мордовия на 2018- 2028 года"(с перспективой развития до 2030 года) | B51: 913 | C51: 04 | D51: 09 | E51: 13 | J51: =J53 -> 1069 | K51: =K53 -> 497 | L51: =L52 -> 517
A52: Основное мероприятие " Ремонт и содержание дорог в границах поселения,поддержание дорожного полотна в работоспособном состоянии" | B52: 913 | C52: 04 | D52: 09 | E52: 13 | F52: 0 | G52: 01 | J52: =J53 -> 1069 | K52: =K53 -> 497 | L52: =L53 -> 517
A53: Иные межбюджетные трансферты на осуществление полномочий по дорожной деятельности в отношении автомобильных дорог местного значения в границах населенных пунктов поселения и обеспечению безопасности дорожного движения на них, включая создание и обеспечение функционирования парковок (парковочных мест), осуществлению муниципального контроля на автомобильном транспорте, городском наземном электрическом транспорте и в дорожном хозяйстве в границах населенных пунктов поселения, организации дорожного движения, а также осуществлению иных полномочий в области использования автомобильных дорог и осуществления дорожной деятельности в соответствии с законодательством Российской Федерации | B53: 913 | C53: 04 | D53: 09 | E53: 13 | F53: 0 | G53: 01 | H53: 9Д184 | J53: =J54 -> 1069 | K53: =K54 -> 497 | L53: =L54 -> 517
A54: Закупка товаров, работ и услуг для обеспечения государственных (муниципальных) нужд | B54: 913 | C54: 04 | D54: 09 | E54: 13 | F54: 0 | G54: 01 | H54: 9Д184 | I54: 200 | J54: =J55 -> 1069 | K54: =K55 -> 497 | L54: =L55 -> 517
A55: Иные закупки товаров, работ и услуг для обеспечения государственных (муниципальных) нужд | B55: 913 | C55: 04 | D55: 09 | E55: 13 | F55: 0 | G55: 01 | H55: 9Д184 | I55: 240 | J55: 1069 | K55: 497 | L55: 517
A56: Другие вопросы в облости национальной экономики | B56: 913 | C56: 04 | D56: 12 | J56: =J57 -> 35
A57: =A42 -> Непрограммные расходы главных распорядителей средств бюджета Кочуновского сельского поселения Ромодановского муниципального района Республики Мордовия | B57: 913 | C57: 04 | D57: 12 | E57: 89 | J57: =J58 -> 35
A58: =A36 -> Непрограммные расходы в рамках обеспечения деятельности главных распорядителей средств бюджета Кочуновского сельского поселения Ромодановского муниципального района Республики Мордовия | B58: 913 | C58: 04 | D58: 12 | E58: 89 | F58: 1 | J58: =J59 -> 35
A59: Мероприятия по землеустройству и землепользованию | B59: 913 | C59: 04 | D59: 12 | E59: 89 | F59: 1 | G59: 00 | H59: 42370 | J59: =J60 -> 35
A60: =A54 -> Закупка товаров, работ и услуг для обеспечения государственных (муниципальных) нужд | B60: 913 | C60: 04 | D60: 12 | E60: 89 | F60: 1 | G60: 00 | H60: 42370 | I60: 200 | J60: =J61 -> 35
A61: =A55 -> Иные закупки товаров, работ и услуг для обеспечения государственных (муниципальных) нужд | B61: 913 | C61: 04 | D61: 12 | E61: 89 | F61: 1 | G61: 00 | H61: 42370 | I61: 240 | J61: 35
A62: Жилищно-коммунальное хозяйство | B62: 913 | C62: 05 | J62: =J63 -> 364.9 | K62: =K63 -> 64.5 | L62: =L63 -> 57.4
A63: Благоустройство | B63: 913 | C63: 05 | D63: 03 | J63: =J64 -> 364.9 | K63: =K64 -> 64.5 | L63: =L64 -> 57.4
A64: Муниципальная программа "Комплексного развития социальной инфраструктуры Кочуновского сельского поселения Ромодановского муниципального района Республики Мордовия на 2018-2028 года"( с перспективой развития до 2030 года) | B64: 913 | C64: 05 | D64: 03 | E64: 10 | J64: =J69+J65 -> 364.9 | K64: =K69+K65 -> 64.5 | L64: =L65+L69 -> 57.4
A65: Основное мероприятия "Благоустройство территории" | B65: 913 | C65: 05 | D65: 03 | E65: 10 | F65: 0 | G65: 07 | J65: =J66 -> 214.9 | K65: =K66 -> 20 | L65: =L66 -> 20
A66: Прочие мероприятия по благоустройству | B66: 913 | C66: 05 | D66: 03 | E66: 10 | F66: 0 | G66: 07 | H66: 43040 | J66: =J67 -> 214.9 | K66: =K67 -> 20 | L66: =L67 -> 20
A67: =A71 -> Закупка товаров, работ и услуг для обеспечения государственных (муниципальных) нужд | B67: 913 | C67: 05 | D67: 03 | E67: 10 | F67: 0 | G67: 07 | H67: 43040 | I67: 200 | J67: =J68 -> 214.9 | K67: =K68 -> 20 | L67: =L68 -> 20
A68: =A72 -> Иные закупки товаров, работ и услуг для обеспечения государственных (муниципальных) нужд | B68: 913 | C68: 05 | D68: 03 | E68: 10 | F68: 0 | G68: 07 | H68: 43040 | I68: 240 | J68: 214.9 | K68: 20 | L68: 20
A69: Основное мероприятия "Освещение территории сельского поселения" | B69: 913 | C69: 05 | D69: 03 | E69: 10 | F69: 0 | G69: 08 | J69: =J70 -> 150 | K69: =K70 -> 44.5 | L69: =L70 -> 37.4
A70: Уличное освещение | B70: 913 | C70: 05 | D70: 03 | E70: 10 | F70: 0 | G70: 08 | H70: 43010 | J70: =J71 -> 150 | K70: =K71 -> 44.5 | L70: =L71 -> 37.4
A71: Закупка товаров, работ и услуг для обеспечения государственных (муниципальных) нужд | B71: 913 | C71: 05 | D71: 03 | E71: 10 | F71: 0 | G71: 08 | H71: 43010 | I71: 200 | J71: =J72 -> 150 | K71: 44.5 | L71: 37.4
A72: Иные закупки товаров, работ и услуг для обеспечения государственных (муниципальных) нужд | B72: 913 | C72: 05 | D72: 03 | E72: 10 | F72: 0 | G72: 08 | H72: 43010 | I72: 240 | J72: 150 | K72: 44.5 | L72: 37.4
A73: Социальная политика | B73: 913 | C73: 10 | J73: =J74 -> 221.3 | K73: =K74 -> 221.3 | L73: =L74 -> 221.3
A74: Пенсионное обеспечение | B74: 913 | C74: 10 | D74: 01 | J74: =J75 -> 221.3 | K74: =K75 -> 221.3 | L74: =L75 -> 221.3
A75: Непрограммные расходы главных распорядителей средств бюджета Кочуновского сельского поселения Ромодановского муниципального района Республики Мордовия | B75: 913 | C75: 10 | D75: 01 | E75: 89 | J75: =J76 -> 221.3 | K75: =K76 -> 221.3 | L75: =L76 -> 221.3
A76: Непрограммные расходы в рамках обеспечения деятельности главных распорядителей средств бюджета Кочуновского сельского поселения Ромодановского муниципального района Республики Мордовия | B76: 913 | C76: 10 | D76: 01 | E76: 89 | F76: 1 | J76: =J77 -> 221.3 | K76: =K77 -> 221.3 | L76: =L77 -> 221.3
A77: Доплаты к пенсиям муниципальных служащих Республики Мордовия | B77: 913 | C77: 10 | D77: 01 | E77: 89 | F77: 1 | G77: 00 | H77: 03010 | J77: =J78 -> 221.3 | K77: =K78 -> 221.3 | L77: =L78 -> 221.3
A78: Социальное обеспечение и иные выплаты населению | B78: 913 | C78: 10 | D78: 01 | E78: 89 | F78: 1 | G78: 00 | H78: 03010 | I78: 300 | J78: =J79 -> 221.3 | K78: =K79 -> 221.3 | L78: =L79 -> 221.3
A79: Публичные нормативные социальные выплаты гражданам | B79: 913 | C79: 10 | D79: 01 | E79: 89 | F79: 1 | G79: 00 | H79: 03010 | I79: 310 | J79: 221.3 | K79: 221.3 | L79: 221.3
A80: Обслуживание государственного (муниципального)долга | B80: 913 | C80: 13 | J80: =J81 -> 0.7 | K80: =K81 -> 0.6 | L80: =L81 -> 0.6
A81: Обслуживание государственного (муниципального) внутреннего долга | B81: 913 | C81: 13 | D81: 01 | J81: =J82 -> 0.7 | K81: =K82 -> 0.6 | L81: =L82 -> 0.6
A82: =A75 -> Непрограммные расходы главных распорядителей средств бюджета Кочуновского сельского поселения Ромодановского муниципального района Республики Мордовия | B82: 913 | C82: 13 | D82: 01 | E82: 89 | J82: =J83 -> 0.7 | K82: =K83 -> 0.6 | L82: =L83 -> 0.6
A83: =A76 -> Непрограммные расходы в рамках обеспечения деятельности главных распорядителей средств бюджета Кочуновского сельского поселения Ромодановского муниципального района Республики Мордовия | B83: 913 | C83: 13 | D83: 01 | E83: 89 | F83: 1 | J83: =J84 -> 0.7 | K83: =K84 -> 0.6 | L83: =L84 -> 0.6
A84: Процентные платежи по муниципальному долгу | B84: 913 | C84: 13 | D84: 01 | E84: 89 | F84: 1 | G84: 00 | H84: 41240 | J84: =J85 -> 0.7 | K84: =K85 -> 0.6 | L84: =L85 -> 0.6
A85: Обслуживание государственного (муниципального) долга | B85: 913 | C85: 13 | D85: 01 | E85: 89 | F85: 1 | G85: 00 | H85: 41240 | I85: 700 | J85: =J86 -> 0.7 | K85: =K86 -> 0.6 | L85: =L86 -> 0.6
A86: Обслуживание муниципального долга | B86: 913 | C86: 13 | D86: 01 | E86: 89 | F86: 1 | G86: 00 | H86: 41240 | I86: 730 | J86: 0.7 | K86: 0.6 | L86: 0.6
A87: Условно утвержденные расходы | B87: 913 | C87: 99 | J87: =J88 -> 0 | K87: =K88 -> 39.1 | L87: =L88 -> 80
A88: Условно утвержденные расходы | B88: 913 | C88: 99 | D88: 99 | J88: =J89 -> 0 | K88: =K89 -> 39.1 | L88: =L89 -> 80
A89: =A19 -> Обеспечение деятельности Администрации Кочуновского сельского поселения Ромодановского муниципального района Республики Мордовия | B89: 913 | C89: 99 | D89: 99 | E89: 65 | J89: =J90 -> 0 | K89: =K90 -> 39.1 | L89: =L90 -> 80
A90: Высшее должностное лицо | B90: 913 | C90: 99 | D90: 99 | E90: 65 | F90: 1 | J90: =J91 -> 0 | K90: =K91 -> 39.1 | L90: =L91 -> 80
A91: Условно утвержденные расходы | B91: 913 | C91: 99 | D91: 99 | E91: 65 | F91: 1 | G91: 00 | H91: 41990 | J91: =J92 -> 0 | K91: =K92 -> 39.1 | L91: =L92 -> 80
A92: Иные бюджетные ассигнования | B92: 913 | C92: 99 | D92: 99 | E92: 65 | F92: 1 | G92: 00 | H92: 41990 | I92: 800 | J92: =J93 -> 0 | K92: =K93 -> 39.1 | L92: =L93 -> 80
A93: Резервные средства | B93: 913 | C93: 99 | D93: 99 | E93: 65 | F93: 1 | G93: 00 | H93: 41990 | I93: 870 | J93: 0 | K93: 39.1 | L93: 80

Sheet Приложение 3
H1: Приложение 3 к решению Совета депутатов Кочуновского сельского поселения Ромодановского муниципального района Республики Мордовия «О внесении изменений в решение Совета депутатов Кочуновского сельского поселения Ромодановского муниципального района Республики Мордовия от 25 декабря 2025 г №100 «О бюджете Кочуновского сельского поселения Ромодановского муниципального района Республики Мордовия на 2026 год и на плановый период 2027 и 2028 годов» Приложение 4 к решению Совета депутатов Кочуновского сельского поселения Ромодановского муниципального района Республики Мордовия «О бюджете Кочуновского сельского поселения Ромодановского муниципального района Республики Мордовия на 2026 год и на плановый период 2027 и 2028 годов»
A2: РАСПРЕДЕЛЕНИЕ БЮДЖЕТНЫХ АССИГНОВАНИЙ БЮДЖЕТА КОЧУНОВСКОГО СЕЛЬСКОГО ПОСЕЛЕНИЯ РОМОДАНОВСКОГО МУНИЦИПАЛЬНОГО РАЙОНА РЕСПУБЛИКИ МОРДОВИЯ ПО РАЗДЕЛАМ, ПОДРАЗДЕЛАМ, ЦЕЛЕВЫМ СТАТЬЯМ (МУНИЦИПАЛЬНЫМ ПРОГРАММАМ И НЕПРОГРАММНЫМ НАПРАВЛЕНИЯМ ДЕЯТЕЛЬНОСТИ), ГРУППАМ И ПОДГРУППАМ ВИДОВ РАСХОДОВ КЛАССИФИКАЦИИ РАСХОДОВ БЮДЖЕТОВ НА 2026 ГОД И НА ПЛАНОВЫЙ ПЕРИОД 2027 И 2028 ГОДОВ
H3: (тыс. рублей)
A4: Наименование | B4: Рз | C4: Прз | D4: Цср | H4: Вр | I4: Сумма
I5: 2026 год | J5: 2027 год | K5: 2028 год
A6: ВСЕГО | B6: 2 | C6: 3 | D6: 4 | E6: 5 | F6: 6 | G6: 7 | H6: 8 | I6: 9 | J6: 10 | K6: 11
A7: Администрация Кочуновского сельского поселения Ромодановского муниципального района Республики Мордовия | I7: =I8+I40+I49+I62+I73+I80 -> 3910 | J7: =J8+J40+J49+J62+J73+J87+J80 -> 2306.3 | K7: =K8+K40+K49+K62+K73+K87+K80 -> 2430.2
A8: Общегосударственные вопросы | B8: 01 | I8: =I9+I18+I34 -> 2001.7 | J8: =J9+J18+J34 -> 1240 | K8: =K9+K18+K34 -> 1242.7
A9: Функционирование высшего должностного лица субъекта Российской Федерации и муниципального образования | B9: 01 | C9: 02 | I9: =I10 -> 848.5 | J9: =J10 -> 500.9 | K9: =K10 -> 458.8
A10: ='Приложение 2'!A10 -> Обеспечение деятельности Администрации Кочуновского сельского поселения Ромодановского муниципального района Республики Мордовия | B10: 01 | C10: 02 | D10: 65 | I10: =I11+I15 -> 848.5 | J10: =J11 -> 500.9 | K10: =K11 -> 458.8
A11: Высшее должностное лицо | B11: 01 | C11: 02 | D11: 65 | E11: 1 | I11: =I12 -> 748.5 | J11: =J12 -> 500.9 | K11: =K12 -> 458.8
A12: Расходы на выплаты по оплате труда высшего должностного лица | B12: 01 | C12: 02 | D12: 65 | E12: 1 | F12: 00 | G12: 41150 | I12: =I13 -> 748.5 | J12: =J13 -> 500.9 | K12: =K13 -> 458.8
A13: Расходы на выплаты персоналу в целях обеспечения выполнения функций государственными (муниципальными) органами, казенными учреждениями, органами управления государственными внебюджетными фондами | B13: 01 | C13: 02 | D13: 65 | E13: 1 | F13: 00 | G13: 41150 | H13: 100 | I13: =I14 -> 748.5 | J13: =J14 -> 500.9 | K13: =K14 -> 458.8
A14: Расходы на выплаты персоналу государственных (муниципальных) органов | B14: 01 | C14: 02 | D14: 65 | E14: 1 | F14: 00 | G14: 41150 | H14: 120 | I14: ='Приложение 2'!J14 -> 748.5 | J14: ='Приложение 2'!K14 -> 500.9 | K14: ='Приложение 2'!L14 -> 458.8
A15: ='Приложение 2'!A15 -> Субсидии на со финансирование расходных обязательств по финансовому обеспечению деятельности органов местного самоуправления и муниципальных учреждений | B15: 01 | C15: 02 | D15: 65 | E15: 1 | F15: 00 | G15: 44205 | I15: =I16 -> 100
A16: ='Приложение 2'!A16 -> Расходы на выплаты персоналу в целях обеспечения выполнения функций государственными (муниципальными) органами, казенными учреждениями, органами управления государственными внебюджетными фондами | B16: 01 | C16: 02 | D16: 65 | E16: 1 | F16: 00 | G16: 44205 | H16: 100 | I16: =I17 -> 100
A17: =A14 -> Расходы на выплаты персоналу государственных (муниципальных) органов | B17: 01 | C17: 02 | D17: 65 | E17: 1 | F17: 00 | G17: 44205 | H17: 120 | I17: ='Приложение 2'!J17 -> 100
A18: Функционирование Правительства Российской Федерации, высших исполнительных органов государственной власти субъектов Российской Федерации, местных администраций | B18: 01 | C18: 04 | I18: =I19+I29 -> 1148.2 | J18: =J19+J29 -> 734.1 | K18: =K19+K29 -> 778.9
A19: =A10 -> Обеспечение деятельности Администрации Кочуновского сельского поселения Ромодановского муниципального района Республики Мордовия | B19: 01 | C19: 04 | D19: 65 | I19: =I20 -> 1147.4 | J19: =J20 -> 733.2 | K19: =K20 -> 778
A20: ='Приложение 2'!A20 -> Расходы в рамках обеспечения деятельности Администрации Кочуновского сельского поселения | B20: 01 | C20: 04 | D20: 65 | E20: 2 | I20: =I21+I24 -> 1147.4 | J20: =J21+J24 -> 733.2 | K20: =K21+K24 -> 778
A21: Расходы на выплаты по оплате труда работников органов местного самоуправления | B21: 01 | C21: 04 | D21: 65 | E21: 2 | F21: 00 | G21: 41110 | I21: =I22 -> 782.2 | J21: =J22 -> 606.7 | K21: =K22 -> 650
A22: Расходы на выплаты персоналу в целях обеспечения выполнения функций государственными (муниципальными) органами, казенными учреждениями, органами управления государственными внебюджетными фондами | B22: 01 | C22: 04 | D22: 65 | E22: 2 | F22: 00 | G22: 41110 | H22: 100 | I22: =I23 -> 782.2 | J22: =J23 -> 606.7 | K22: =K23 -> 650
A23: Расходы на выплаты персоналу государственных (муниципальных) органов | B23: 01 | C23: 04 | D23: 65 | E23: 2 | F23: 00 | G23: 41110 | H23: 120 | I23: ='Приложение 2'!J23 -> 782.2 | J23: ='Приложение 2'!K23 -> 606.7 | K23: ='Приложение 2'!L23 -> 650
A24: ='Приложение 2'!A24 -> Расходы на обеспечение выполнения функций органов местного самоуправления | B24: 01 | C24: 04 | D24: 65 | E24: 2 | F24: 00 | G24: 41120 | I24: =+I25+I27 -> 365.2 | J24: =+J25+J27 -> 126.5 | K24: =+K25+K27 -> 128
A25: Закупка товаров, работ и услуг для обеспечения государственных (муниципальных) нужд | B25: 01 | C25: 04 | D25: 65 | E25: 2 | F25: 00 | G25: 41120 | H25: 200 | I25: =I26 -> 363.2 | J25: =J26 -> 124.5 | K25: =K26 -> 126
A26: Иные закупки товаров, работ и услуг для обеспечения государственных (муниципальных) нужд | B26: 01 | C26: 04 | D26: 65 | E26: 2 | F26: 00 | G26: 41120 | H26: 240 | I26: ='Приложение 2'!J26 -> 363.2 | J26: ='Приложение 2'!K26 -> 124.5 | K26: ='Приложение 2'!L26 -> 126
A27: Иные бюджетные ассигнования | B27: 01 | C27: 04 | D27: 65 | E27: 2 | F27: 00 | G27: 41120 | H27: 800 | I27: =I28 -> 2 | J27: =J28 -> 2 | K27: =K28 -> 2
A28: Уплата налогов, сборов и иных платежей | B28: 01 | C28: 04 | D28: 65 | E28: 2 | F28: 00 | G28: 41120 | H28: 850 | I28: ='Приложение 2'!J28 -> 2 | J28: ='Приложение 2'!K28 -> 2 | K28: ='Приложение 2'!L28 -> 2
A29: Непрограммные расходы главных распорядителей средств бюджета Кочуновского сельского поселения Ромодановского муниципального района Республики Мордовия | B29: 01 | C29: 04 | D29: 89 | I29: =I30 -> 0.8 | J29: =J30 -> 0.9 | K29: =K30 -> 0.9
A30: Непрограммные расходы в рамках обеспечения деятельности главных распорядителей средств бюджета Кочуновского сельского поселения Ромодановского муниципального района Республики Мордовия | B30: 01 | C30: 04 | D30: 89 | E30: 1 | I30: =I31 -> 0.8 | J30: =J31 -> 0.9 | K30: =K31 -> 0.9
A31: Осуществление государственных полномочий Республики Мордовия по определению перечня должностных лиц, уполномоченных составлять протоколы об административных правонарушениях, предусмотренных Законом Республики Мордовия от 15 июня 2015 года № 38-З "Об административной ответственности на территории Республики Мордовия" | B31: 01 | C31: 04 | D31: 89 | E31: 1 | F31: 00 | G31: 77150 | I31: =I32 -> 0.8 | J31: =J32 -> 0.9 | K31: =K32 -> 0.9
A32: Закупка товаров, работ и услуг для обеспечения государственных (муниципальных) нужд | B32: 01 | C32: 04 | D32: 89 | E32: 1 | F32: 00 | G32: 77150 | H32: 200 | I32: =I33 -> 0.8 | J32: =J33 -> 0.9 | K32: =K33 -> 0.9
A33: Иные закупки товаров, работ и услуг для обеспечения государственных (муниципальных) нужд | B33: 01 | C33: 04 | D33: 89 | E33: 1 | F33: 00 | G33: 77150 | H33: 240 | I33: ='Приложение 2'!J33 -> 0.8 | J33: ='Приложение 2'!K33 -> 0.9 | K33: ='Приложение 2'!L33 -> 0.9
A34: Резервные фонды | B34: 01 | C34: 11 | I34: =I35 -> 5 | J34: =J35 -> 5 | K34: =K35 -> 5
A35: Непрограммные расходы главных распорядителей средств бюджета Кочуновского сельского поселения Ромодановского муниципального района Республики Мордовия | B35: 01 | C35: 11 | D35: 89 | I35: =I36 -> 5 | J35: =J36 -> 5 | K35: =K36 -> 5
A36: Непрограммные расходы в рамках обеспечения деятельности главных распорядителей средств бюджета Кочуновского сельского поселения Ромодановского муниципального района Республики Мордовия | B36: 01 | C36: 11 | D36: 89 | E36: 1 | I36: =I37 -> 5 | J36: =J37 -> 5 | K36: =K37 -> 5
A37: ='Приложение 2'!A37 -> Резервный фонд администрации Кочуновского сельского поселения Ромодановского муниципального района Республики Мордовия | B37: 01 | C37: 11 | D37: 89 | E37: 1 | F37: 00 | G37: 41180 | I37: =I39 -> 5 | J37: =J39 -> 5 | K37: =K39 -> 5
A38: Иные бюджетные ассигнования | B38: 01 | C38: 11 | D38: 89 | E38: 1 | F38: 00 | G38: 41180 | H38: 800 | I38: =I39 -> 5 | J38: =J39 -> 5 | K38: =K39 -> 5
A39: Резервные средства | B39: 01 | C39: 11 | D39: 89 | E39: 1 | F39: 00 | G39: 41180 | H39: 870 | I39: ='Приложение 2'!J39 -> 5 | J39: ='Приложение 2'!K39 -> 5 | K39: ='Приложение 2'!L39 -> 5
A40: Национальная оборона | B40: 02 | I40: =I41 -> 217.4 | J40: =J41 -> 243.8 | K40: =K41 -> 311.2
A41: Мобилизационная и вневойсковая подготовка | B41: 02 | C41: 03 | I41: =I42 -> 217.4 | J41: =J42 -> 243.8 | K41: =K42 -> 311.2
A42: ='Приложение 2'!A42 -> Непрограммные расходы главных распорядителей средств бюджета Кочуновского сельского поселения Ромодановского муниципального района Республики Мордовия | B42: 02 | C42: 03 | D42: 89 | I42: =I43 -> 217.4 | J42: =J43 -> 243.8 | K42: =K43 -> 311.2
A43: ='Приложение 2'!A43 -> Непрограммные расходы в рамках обеспечения деятельности главных распорядителей средств бюджета Кочуновского сельского поселения Ромодановского муниципального района Республики Мордовия | B43: 02 | C43: 03 | D43: 89 | E43: 1 | I43: =I44 -> 217.4 | J43: =J44 -> 243.8 | K43: =K44 -> 311.2
A44: ='Приложение 2'!A44 -> Осуществление государственных полномочий Российской Федерации по воинскому учету в поселениях, на территориях которых отсутствуют структурные подразделения военных комиссариатов | B44: 02 | C44: 03 | D44: 89 | E44: 1 | F44: 00 | G44: 51180 | I44: =I47+I45 -> 217.4 | J44: =J47+J45 -> 243.8 | K44: =K47+K45 -> 311.2
A45: Расходы на выплаты персоналу в целях обеспечения выполнения функций государственными (муниципальными) органами, казенными учреждениями, органами управления государственными внебюджетными фондами | B45: 02 | C45: 03 | D45: 89 | E45: 1 | F45: 00 | G45: 51180 | H45: 100 | I45: =I46 -> 214.4 | J45: =J46 -> 240.8 | K45: =K46 -> 308.2
A46: Расходы на выплаты персоналу государственных (муниципальных) органов | B46: 02 | C46: 03 | D46: 89 | E46: 1 | F46: 00 | G46: 51180 | H46: 120 | I46: ='Приложение 2'!J46 -> 214.4 | J46: ='Приложение 2'!K46 -> 240.8 | K46: ='Приложение 2'!L46 -> 308.2
A47: Закупка товаров, работ и услуг для государственных (муниципальных) нужд | B47: 02 | C47: 03 | D47: 89 | E47: 1 | F47: 00 | G47: 51180 | H47: 200 | I47: =I48 -> 3 | J47: =J48 -> 3 | K47: =K48 -> 3
A48: Иные закупки товаров, работ и услуг для обеспечения государственных (муниципальных) нужд | B48: 02 | C48: 03 | D48: 89 | E48: 1 | F48: 00 | G48: 51180 | H48: 240 | I48: ='Приложение 2'!J48 -> 3 | J48: ='Приложение 2'!K48 -> 3 | K48: ='Приложение 2'!L48 -> 3
A49: Национальная экономика | B49: 04 | I49: =I50+I56 -> 1104 | J49: =J50 -> 497 | K49: =K50 -> 517
A50: Дорожное хозяйство (дорожные фонды) | B50: 04 | C50: 09 | I50: =I51 -> 1069 | J50: =J51 -> 497 | K50: =K51 -> 517
A51: ='Приложение 2'!A51 -> Муниципальная программа "Комплексного развития транспортной инфраструктуры Кочуновского сельского поселения Ромодановского муниципального района Республики Мордовия на 2018- 2028 года"(с перспективой развития до 2030 года) | B51: 04 | C51: 09 | D51: 13 | I51: =I52 -> 1069 | J51: =J52 -> 497 | K51: =K52 -> 517
A52: Основное мероприятие " Ремонт и содержание дорог в границах поселения,поддержание дорожного полотна в работоспособном состоянии" | B52: 04 | C52: 09 | D52: 13 | E52: 0 | F52: 01 | I52: =I53 -> 1069 | J52: =J53 -> 497 | K52: =K53 -> 517
A53: ='Приложение 2'!A53 -> Иные межбюджетные трансферты на осуществление полномочий по дорожной деятельности в отношении автомобильных дорог местного значения в границах населенных пунктов поселения и обеспечению безопасности дорожного движения на них, включая создание и обеспечение функционирования парковок (парковочных мест), осуществлению муниципального контроля на автомобильном транспорте, городском наземном электрическом транспорте и в дорожном хозяйстве в границах населенных пунктов поселения, организации дорожного движения, а также осуществлению иных полномочий в области использования автомобильных дорог и осуществления дорожной деятельности в соответствии с законодательством Российской Федерации | B53: 04 | C53: 09 | D53: 13 | E53: 0 | F53: 01 | G53: 9Д184 | I53: =I54 -> 1069 | J53: =J54 -> 497 | K53: =K54 -> 517
A54: Закупка товаров, работ и услуг для обеспечения государственных (муниципальных) нужд | B54: 04 | C54: 09 | D54: 13 | E54: 0 | F54: 01 | G54: 9Д184 | H54: 200 | I54: =I55 -> 1069 | J54: =J55 -> 497 | K54: =K55 -> 517
A55: Иные закупки товаров, работ и услуг для обеспечения государственных (муниципальных) нужд | B55: 04 | C55: 09 | D55: 13 | E55: 0 | F55: 01 | G55: 9Д184 | H55: 240 | I55: ='Приложение 2'!J55 -> 1069 | J55: ='Приложение 2'!K55 -> 497 | K55: ='Приложение 2'!L55 -> 517
A56: ='Приложение 2'!A56 -> Другие вопросы в облости национальной экономики | B56: 04 | C56: 12 | I56: =I57 -> 35
A57: ='Приложение 2'!A57 -> Непрограммные расходы главных распорядителей средств бюджета Кочуновского сельского поселения Ромодановского муниципального района Республики Мордовия | B57: 04 | C57: 12 | D57: 89 | I57: =I58 -> 35
A58: ='Приложение 2'!A58 -> Непрограммные расходы в рамках обеспечения деятельности главных распорядителей средств бюджета Кочуновского сельского поселения Ромодановского муниципального района Республики Мордовия | B58: 04 | C58: 12 | D58: 89 | E58: 1 | I58: =I59 -> 35
A59: ='Приложение 2'!A59 -> Мероприятия по землеустройству и землепользованию | B59: 04 | C59: 12 | D59: 89 | E59: 1 | F59: 00 | G59: 42370 | I59: =I60 -> 35
A60: ='Приложение 2'!A60 -> Закупка товаров, работ и услуг для обеспечения государственных (муниципальных) нужд | B60: 04 | C60: 12 | D60: 89 | E60: 1 | F60: 00 | G60: 42370 | H60: 200 | I60: =I61 -> 35
A61: ='Приложение 2'!A61 -> Иные закупки товаров, работ и услуг для обеспечения государственных (муниципальных) нужд | B61: 04 | C61: 12 | D61: 89 | E61: 1 | F61: 00 | G61: 42370 | H61: 240 | I61: ='Приложение 2'!J61 -> 35
A62: Жилищно-коммунальное хозяйство | B62: 05 | I62: =I63 -> 364.9 | J62: =J63 -> 64.5 | K62: =K63 -> 57.4
A63: Благоустройство | B63: 05 | C63: 03 | I63: =I64 -> 364.9 | J63: =J64 -> 64.5 | K63: =K64 -> 57.4
A64: Муниципальная программа "Комплексного развития социальной инфраструктуры Кочуновского сельского поселения Ромодановского муниципального района Республики Мордовия на 2018-2028 года"( с перспективой развития до 2030 года) | B64: 05 | C64: 03 | D64: 10 | I64: =I65+I69 -> 364.9 | J64: =J65+J69 -> 64.5 | K64: =K65+K69 -> 57.4
A65: ='Приложение 2'!A65 -> Основное мероприятия "Благоустройство территории" | B65: 05 | C65: 03 | D65: 10 | E65: 0 | F65: 07 | I65: =I66 -> 214.9 | J65: =J66 -> 20 | K65: =K66 -> 20
A66: ='Приложение 2'!A66 -> Прочие мероприятия по благоустройству | B66: 05 | C66: 03 | D66: 10 | E66: 0 | F66: 07 | G66: 43040 | I66: =I67 -> 214.9 | J66: =J67 -> 20 | K66: =K67 -> 20
A67: ='Приложение 2'!A67 -> Закупка товаров, работ и услуг для обеспечения государственных (муниципальных) нужд | B67: 05 | C67: 03 | D67: 10 | E67: 1 | F67: 07 | G67: 43040 | H67: 200 | I67: =I68 -> 214.9 | J67: =J68 -> 20 | K67: =K68 -> 20
A68: =A72 -> Иные закупки товаров, работ и услуг для обеспечения государственных (муниципальных) нужд | B68: 05 | C68: 03 | D68: 10 | E68: 1 | F68: 07 | G68: 43040 | H68: 240 | I68: ='Приложение 2'!J68 -> 214.9 | J68: ='Приложение 2'!K68 -> 20 | K68: ='Приложение 2'!L68 -> 20
A69: ='Приложение 2'!A69 -> Основное мероприятия "Освещение территории сельского поселения" | B69: 05 | C69: 03 | D69: 10 | E69: 0 | F69: 08 | I69: =I70 -> 150 | J69: =J70 -> 44.5 | K69: =K70 -> 37.4
A70: Уличное освещение | B70: 05 | C70: 03 | D70: 10 | E70: 0 | F70: 08 | G70: 43010 | I70: =I71 -> 150 | J70: =J71 -> 44.5 | K70: =K71 -> 37.4
A71: Закупка товаров, работ и услуг для обеспечения государственных (муниципальных) нужд | B71: 05 | C71: 03 | D71: 10 | E71: 0 | F71: 08 | G71: 43010 | H71: 200 | I71: =I72 -> 150 | J71: =J72 -> 44.5 | K71: =K72 -> 37.4
A72: Иные закупки товаров, работ и услуг для обеспечения государственных (муниципальных) нужд | B72: 05 | C72: 03 | D72: 10 | E72: 0 | F72: 08 | G72: 43010 | H72: 240 | I72: ='Приложение 2'!J72 -> 150 | J72: ='Приложение 2'!K72 -> 44.5 | K72: ='Приложение 2'!L72 -> 37.4
A73: Социальная политика | B73: 10 | I73: =I74 -> 221.3 | J73: =J74 -> 221.3 | K73: =K74 -> 221.3
A74: Пенсионное обеспечение | B74: 10 | C74: 01 | I74: =I75 -> 221.3 | J74: =J75 -> 221.3 | K74: =K75 -> 221.3
A75: Непрограммные расходы главных распорядителей средств бюджета Кочуновского сельского поселения Ромодановского муниципального района Республики Мордовия | B75: 10 | C75: 01 | D75: 89 | I75: =I76 -> 221.3 | J75: =J76 -> 221.3 | K75: =K76 -> 221.3
A76: Непрограммные расходы в рамках обеспечения деятельности главных распорядителей средств бюджета Кочуновского сельского поселения Ромодановского муниципального района Республики Мордовия | B76: 10 | C76: 01 | D76: 89 | E76: 1 | I76: =I77 -> 221.3 | J76: =J77 -> 221.3 | K76: =K77 -> 221.3
A77: Доплаты к пенсиям муниципальных служащих Республики Мордовия | B77: 10 | C77: 01 | D77: 89 | E77: 1 | F77: 00 | G77: 03010 | I77: =I78 -> 221.3 | J77: =J78 -> 221.3 | K77: =K78 -> 221.3
A78: Социальное обеспечение и иные выплаты населению | B78: 10 | C78: 01 | D78: 89 | E78: 1 | F78: 00 | G78: 03010 | H78: 300 | I78: =I79 -> 221.3 | J78: =J79 -> 221.3 | K78: =K79 -> 221.3
A79: Публичные нормативные социальные выплаты гражданам | B79: 10 | C79: 01 | D79: 89 | E79: 1 | F79: 00 | G79: 03010 | H79: 310 | I79: ='Приложение 2'!J79 -> 221.3 | J79: ='Приложение 2'!K79 -> 221.3 | K79: ='Приложение 2'!L79 -> 221.3
A80: ='Приложение 2'!A80 -> Обслуживание государственного (муниципального)долга | B80: 13 | I80: =I81 -> 0.7 | J80: =J81 -> 0.6 | K80: =K81 -> 0.6
A81: ='Приложение 2'!A81 -> Обслуживание государственного (муниципального) внутреннего долга | B81: 13 | C81: 01 | I81: =I82 -> 0.7 | J81: =J82 -> 0.6 | K81: =K82 -> 0.6
A82: ='Приложение 2'!A82 -> Непрограммные расходы главных распорядителей средств бюджета Кочуновского сельского поселения Ромодановского муниципального района Республики Мордовия | B82: 13 | C82: 01 | D82: 89 | I82: =I83 -> 0.7 | J82: =J83 -> 0.6 | K82: =K83 -> 0.6
A83: ='Приложение 2'!A76 -> Непрограммные расходы в рамках обеспечения деятельности главных распорядителей средств бюджета Кочуновского сельского поселения Ромодановского муниципального района Республики Мордовия | B83: 13 | C83: 01 | D83: 89 | E83: 1 | I83: =I84 -> 0.7 | J83: =J84 -> 0.6 | K83: =K84 -> 0.6
A84: ='Приложение 2'!A84 -> Процентные платежи по муниципальному долгу | B84: 13 | C84: 01 | D84: 89 | E84: 1 | F84: 00 | G84: 41240 | I84: =I85 -> 0.7 | J84: =J85 -> 0.6 | K84: =K85 -> 0.6
A85: ='Приложение 2'!A85 -> Обслуживание государственного (муниципального) долга | B85: 13 | C85: 01 | D85: 89 | E85: 1 | F85: 00 | G85: 41240 | H85: 700 | I85: =I86 -> 0.7 | J85: =J86 -> 0.6 | K85: =K86 -> 0.6
A86: ='Приложение 2'!A86 -> Обслуживание муниципального долга | B86: 13 | C86: 01 | D86: 89 | E86: 1 | F86: 00 | G86: 41240 | H86: 730 | I86: ='Приложение 2'!J86 -> 0.7 | J86: ='Приложение 2'!K86 -> 0.6 | K86: ='Приложение 2'!L86 -> 0.6
A87: ='Приложение 2'!A87 -> Условно утвержденные расходы | B87: 99 | J87: ='Приложение 2'!K87 -> 39.1 | K87: ='Приложение 2'!L87 -> 80
A88: ='Приложение 2'!A88 -> Условно утвержденные расходы | B88: 99 | C88: 99 | J88: ='Приложение 2'!K88 -> 39.1 | K88: ='Приложение 2'!L88 -> 80
A89: =A10 -> Обеспечение деятельности Администрации Кочуновского сельского поселения Ромодановского муниципального района Республики Мордовия | B89: 99 | C89: 99 | D89: 65 | J89: ='Приложение 2'!K89 -> 39.1 | K89: ='Приложение 2'!L89 -> 80
A90: ='Приложение 2'!A90 -> Высшее должностное лицо | B90: 99 | C90: 99 | D90: 65 | E90: 1 | J90: ='Приложение 2'!K90 -> 39.1 | K90: ='Приложение 2'!L90 -> 80
A91: ='Приложение 2'!A91 -> Условно утвержденные расходы | B91: 99 | C91: 99 | D91: 65 | E91: 1 | F91: 00 | G91: 41990 | J91: ='Приложение 2'!K91 -> 39.1 | K91: ='Приложение 2'!L91 -> 80
A92: ='Приложение 2'!A92 -> Иные бюджетные ассигнования | B92: 99 | C92: 99 | D92: 65 | E92: 1 | F92: 00 | G92: 41990 | H92: 800 | J92: ='Приложение 2'!K92 -> 39.1 | K92: ='Приложение 2'!L92 -> 80
A93: ='Приложение 2'!A93 -> Резервные средства | B93: 99 | C93: 99 | D93: 65 | E93: 1 | F93: 00 | G93: 41990 | H93: 870 | J93: ='Приложение 2'!K93 -> 39.1 | K93: ='Приложение 2'!L93 -> 80

Sheet Приложение 4
I1: Приложение 4 к решению Совета депутатов Кочуновского сельского поселения Ромодановского муниципального района Республики Мордовия «О внесении изменений в решение Совета депутатов Кочуновского сельского поселения Ромодановского муниципального района Республики Мордовияот 25 декабря 2025 г № 100 «О бюджете Кочуновского сельского поселения Ромодановского муниципального района Республики Мордовия на 2026 год и на плановый период 2027 и 2028 годов» Приложение 5 к решению Совета депутатов Кочуновского сельского поселения Ромодановского муниципального района Республики Мордовия «О бюджете Кочуновского сельского поселения Ромодановского муниципального района Республики Мордовия на 2026 год и на плановый период 2027 и 2028 годов»
A2: РАСПРЕДЕЛЕНИЕ БЮДЖЕТНЫХ АССИГНОВАНИЙ БЮДЖЕТА КОЧУНОВСКОГО СЕЛЬСКОГО ПОСЕЛЕНИЯ РОМОДАНОВСКОГО МУНИЦИПАЛЬНОГО РАЙОНА РЕСПУБЛИКИ МОРДОВИЯ ПО ЦЕЛЕВЫМ СТАТЬЯМ (МУНИЦИПАЛЬНЫМ ПРОГРАММАМ И НЕПРОГРАММНЫМ НАПРАВЛЕНИЯМ ДЕЯТЕЛЬНОСТИ), ГРУППАМ И ПОДГРУППАМ ВИДОВ РАСХОДОВ, РАЗДЕЛАМ И ПОДРАЗДЕЛАМ КЛАССИФИКАЦИИ РАСХОДОВ БЮДЖЕТОВ НА 2026 ГОД И НА ПЛАНОВЫЙ ПЕРИОД 2027 И 2028 ГОДОВ
I3: (тыс. рублей)
A4: Наименование | B4: Цср | F4: ВР | G4: Рз | H4: Прз | I4: Адм | J4: Сумма
J5: 2026 год | K5: 2027 год | L5: 2028 год
A6: 1 | B6: 2 | C6: 3 | D6: 4 | E6: 5 | F6: 6 | G6: 7 | H6: 8 | I6: 9 | J6: 10 | K6: 11 | L6: 12
A7: ВСЕГО | J7: =J8+J23+J31+J69 -> 3910 | K7: =K8+K23+K31+K69 -> 2306.3 | L7: =L8+L23+L31+L69 -> 2430.2
A8: ='Приложение 2'!A64 -> Муниципальная программа "Комплексного развития социальной инфраструктуры Кочуновского сельского поселения Ромодановского муниципального района Республики Мордовия на 2018-2028 года"( с перспективой развития до 2030 года) | B8: 10 | J8: =J16+J9 -> 364.9 | K8: =K16+K9 -> 64.5 | L8: =L16+L9 -> 57.4
A9: ='Приложение 2'!A65 -> Основное мероприятия "Благоустройство территории" | B9: 10 | C9: 0 | D9: 07 | J9: =J10 -> 214.9 | K9: =K10 -> 20 | L9: =L10 -> 20
A10: ='Приложение 2'!A66 -> Прочие мероприятия по благоустройству | B10: 10 | C10: 0 | D10: 07 | E10: 43040 | J10: =J11 -> 214.9 | K10: =K11 -> 20 | L10: =L11 -> 20
A11: =A18 -> Закупка товаров, работ и услуг для обеспечения государственных (муниципальных) нужд | B11: 10 | C11: 0 | D11: 07 | E11: 43040 | F11: 200 | J11: =J12 -> 214.9 | K11: =K12 -> 20 | L11: =L12 -> 20
A12: =A19 -> Иные закупки товаров, работ и услуг для обеспечения государственных (муниципальных) нужд | B12: 10 | C12: 0 | D12: 07 | E12: 43040 | F12: 240 | J12: =J13 -> 214.9 | K12: =K13 -> 20 | L12: =L13 -> 20
A13: =A20 -> Жилищно-коммунальное хозяйство | B13: 10 | C13: 0 | D13: 07 | E13: 43040 | F13: 240 | G13: 05 | J13: =J14 -> 214.9 | K13: =K14 -> 20 | L13: =L14 -> 20
A14: =A21 -> Благоустройство | B14: 10 | C14: 0 | D14: 07 | E14: 43040 | F14: 240 | G14: 05 | H14: 03 | J14: =J15 -> 214.9 | K14: =K15 -> 20 | L14: =L15 -> 20
A15: =A22 -> Администрация Кочуновского сельского поселения Ромодановского муниципального района Республики Мордовия | B15: 10 | C15: 0 | D15: 07 | E15: 43040 | F15: 240 | G15: 05 | H15: 03 | I15: 913 | J15: ='Приложение 2'!J68 -> 214.9 | K15: ='Приложение 2'!K68 -> 20 | L15: ='Приложение 2'!L68 -> 20
A16: ='Приложение 2'!A69 -> Основное мероприятия "Освещение территории сельского поселения" | B16: 10 | C16: 0 | D16: 08 | J16: =J17 -> 150 | K16: =K17 -> 44.5 | L16: =L17 -> 37.4
A17: Уличное освещение | B17: 10 | C17: 0 | D17: 08 | E17: 43010 | J17: =J18 -> 150 | K17: =K18 -> 44.5 | L17: =L18 -> 37.4
A18: Закупка товаров, работ и услуг для обеспечения государственных (муниципальных) нужд | B18: 10 | C18: 0 | D18: 08 | E18: 43010 | F18: 200 | J18: =J19 -> 150 | K18: =K19 -> 44.5 | L18: =L19 -> 37.4
A19: Иные закупки товаров, работ и услуг для обеспечения государственных (муниципальных) нужд | B19: 10 | C19: 0 | D19: 08 | E19: 43010 | F19: 240 | J19: =J20 -> 150 | K19: =K20 -> 44.5 | L19: =L20 -> 37.4
A20: Жилищно-коммунальное хозяйство | B20: 10 | C20: 0 | D20: 08 | E20: 43010 | F20: 240 | G20: 05 | J20: =J21 -> 150 | K20: =K21 -> 44.5 | L20: =L21 -> 37.4
A21: Благоустройство | B21: 10 | C21: 0 | D21: 08 | E21: 43010 | F21: 240 | G21: 05 | H21: 03 | J21: =J22 -> 150 | K21: =K22 -> 44.5 | L21: =L22 -> 37.4
A22: Администрация Кочуновского сельского поселения Ромодановского муниципального района Республики Мордовия | B22: 10 | C22: 0 | D22: 08 | E22: 43010 | F22: 240 | G22: 05 | H22: 03 | I22: 913 | J22: ='Приложение 2'!J72 -> 150 | K22: ='Приложение 2'!K72 -> 44.5 | L22: ='Приложение 2'!L72 -> 37.4
A23: ='Приложение 2'!A51 -> Муниципальная программа "Комплексного развития транспортной инфраструктуры Кочуновского сельского поселения Ромодановского муниципального района Республики Мордовия на 2018- 2028 года"(с перспективой развития до 2030 года) | B23: 13 | J23: =J24 -> 1069 | K23: =K24 -> 497 | L23: =L24 -> 517
A24: Основное мероприятие "Ремонт и содержание дорог в границах поселения,поддержание дорожного полотна в работоспособном состоянии" | B24: 13 | C24: 0 | D24: 01 | J24: =J25 -> 1069 | K24: =K25 -> 497 | L24: =L25 -> 517
A25: ='Приложение 2'!A53 -> Иные межбюджетные трансферты на осуществление полномочий по дорожной деятельности в отношении автомобильных дорог местного значения в границах населенных пунктов поселения и обеспечению безопасности дорожного движения на них, включая создание и обеспечение функционирования парковок (парковочных мест), осуществлению муниципального контроля на автомобильном транспорте, городском наземном электрическом транспорте и в дорожном хозяйстве в границах населенных пунктов поселения, организации дорожного движения, а также осуществлению иных полномочий в области использования автомобильных дорог и осуществления дорожной деятельности в соответствии с законодательством Российской Федерации | B25: 13 | C25: 0 | D25: 01 | E25: 9Д184 | J25: =J26 -> 1069 | K25: =K26 -> 497 | L25: =L26 -> 517
A26: Закупка товаров, работ и услуг для обеспечения государственных (муниципальных) нужд | B26: 13 | C26: 0 | D26: 01 | E26: 9Д184 | F26: 200 | J26: =J27 -> 1069 | K26: =K27 -> 497 | L26: =L27 -> 517
A27: Иные закупки товаров, работ и услуг для обеспечения государственных (муниципальных) нужд | B27: 13 | C27: 0 | D27: 01 | E27: 9Д184 | F27: 240 | J27: =J28 -> 1069 | K27: =K28 -> 497 | L27: =L28 -> 517
A28: Национальная экономика | B28: 13 | C28: 0 | D28: 01 | E28: 9Д184 | F28: 240 | G28: 04 | J28: =J29 -> 1069 | K28: =K29 -> 497 | L28: =L29 -> 517
A29: ='Приложение 2'!A50 -> Дорожное хозяйство (дорожные фонды) | B29: 13 | C29: 0 | D29: 01 | E29: 9Д184 | F29: 240 | G29: 04 | H29: 09 | J29: =J30 -> 1069 | K29: =K30 -> 497 | L29: =L30 -> 517
A30: Администрация Кочуновского сельского поселения Ромодановского муниципального района Республики Мордовия | B30: 13 | C30: 0 | D30: 01 | E30: 9Д184 | F30: 240 | G30: 04 | H30: 09 | I30: 913 | J30: ='Приложение 2'!J55 -> 1069 | K30: ='Приложение 2'!K55 -> 497 | L30: ='Приложение 2'!L55 -> 517
A31: ='Приложение 2'!A10 -> Обеспечение деятельности Администрации Кочуновского сельского поселения Ромодановского муниципального района Республики Мордовия | B31: 65 | J31: =J32+J51 -> 1995.9 | K31: =K32+K51 -> 1273.2 | L31: =L32+L51 -> 1316.8
A32: Высшее должностное лицо | B32: 65 | C32: 1 | J32: =J33+J39+J45 -> 848.5 | K32: =K33+K39 -> 540 | L32: =L33+L39 -> 538.8
A33: Расходы на выплаты по оплате труда высшего должностного лица | B33: 65 | C33: 1 | D33: 00 | E33: 41150 | J33: =J34 -> 748.5 | K33: =K34 -> 500.9 | L33: =L34 -> 458.8
A34: Расходы на выплаты персоналу в целях обеспечения выполнения функций государственными (муниципальными) органами, казенными учреждениями, органами управления государственными внебюджетными фондами | B34: 65 | C34: 1 | D34: 00 | E34: 41150 | F34: 100 | J34: =J35 -> 748.5 | K34: =K35 -> 500.9 | L34: =L35 -> 458.8
A35: Расходы на выплаты персоналу государственных (муниципальных) органов | B35: 65 | C35: 1 | D35: 00 | E35: 41150 | F35: 120 | J35: =J36 -> 748.5 | K35: =K36 -> 500.9 | L35: =L36 -> 458.8
A36: Общегосударственные вопросы | B36: 65 | C36: 1 | D36: 00 | E36: 41150 | F36: 120 | G36: 01 | J36: =J37 -> 748.5 | K36: =K37 -> 500.9 | L36: =L37 -> 458.8
A37: Функционирование высшего должностного лица субъекта Российской Федерации и муниципального образования | B37: 65 | C37: 1 | D37: 00 | E37: 41150 | F37: 120 | G37: 01 | H37: 02 | J37: =J38 -> 748.5 | K37: =K38 -> 500.9 | L37: =L38 -> 458.8
A38: Администрация Кочуновского сельского поселения Ромодановского муниципального района Республики Мордовия | B38: 65 | C38: 1 | D38: 00 | E38: 41150 | F38: 120 | G38: 01 | H38: 02 | I38: 913 | J38: ='Приложение 2'!J14 -> 748.5 | K38: ='Приложение 2'!K14 -> 500.9 | L38: ='Приложение 2'!L14 -> 458.8
A39: ='Приложение 3'!A91 -> Условно утвержденные расходы | B39: 65 | C39: 1 | D39: 00 | E39: 41990 | K39: =K40 -> 39.1 | L39: =L40 -> 80
A40: ='Приложение 3'!A92 -> Иные бюджетные ассигнования | B40: 65 | C40: 1 | D40: 00 | E40: 41990 | F40: 800 | K40: =K41 -> 39.1 | L40: =L41 -> 80
A41: ='Приложение 3'!A93 -> Резервные средства | B41: 65 | C41: 1 | D41: 00 | E41: 41990 | F41: 870 | K41: =K42 -> 39.1 | L41: =L42 -> 80
A42: ='Приложение 3'!A87 -> Условно утвержденные расходы | B42: 65 | C42: 1 | D42: 00 | E42: 41990 | F42: 870 | G42: 99 | K42: =K43 -> 39.1 | L42: =L43 -> 80
A43: ='Приложение 3'!A88 -> Условно утвержденные расходы | B43: 65 | C43: 1 | D43: 00 | E43: 41990 | F43: 870 | G43: 99 | H43: 99 | K43: =K44 -> 39.1 | L43: =L44 -> 80
A44: Администрация Кочуновского сельского поселения Ромодановского муниципального района Республики Мордовия | B44: 65 | C44: 1 | D44: 00 | E44: 41990 | F44: 870 | G44: 99 | H44: 99 | I44: 913 | K44: ='Приложение 3'!J93 -> 39.1 | L44: ='Приложение 3'!K93 -> 80
A45: ='Приложение 2'!A15 -> Субсидии на со финансирование расходных обязательств по финансовому обеспечению деятельности органов местного самоуправления и муниципальных учреждений | B45: 65 | C45: 1 | D45: 00 | E45: 44205 | J45: =J46 -> 100
A46: =A34 -> Расходы на выплаты персоналу в целях обеспечения выполнения функций государственными (муниципальными) органами, казенными учреждениями, органами управления государственными внебюджетными фондами | B46: 65 | C46: 1 | D46: 00 | E46: 44205 | F46: 100 | J46: =J47 -> 100
A47: =A35 -> Расходы на выплаты персоналу государственных (муниципальных) органов | B47: 65 | C47: 1 | D47: 00 | E47: 44205 | F47: 120 | J47: =J48 -> 100
A48: =A36 -> Общегосударственные вопросы | B48: 65 | C48: 1 | D48: 00 | E48: 44205 | F48: 120 | G48: 01 | J48: =J49 -> 100
A49: =A37 -> Функционирование высшего должностного лица субъекта Российской Федерации и муниципального образования | B49: 65 | C49: 1 | D49: 00 | E49: 44205 | F49: 120 | G49: 01 | H49: 02 | J49: =J50 -> 100
A50: =A44 -> Администрация Кочуновского сельского поселения Ромодановского муниципального района Республики Мордовия | B50: 65 | C50: 1 | D50: 00 | E50: 44205 | F50: 120 | G50: 01 | H50: 02 | I50: 913 | J50: ='Приложение 2'!J17 -> 100
A51: ='Приложение 2'!A20 -> Расходы в рамках обеспечения деятельности Администрации Кочуновского сельского поселения | B51: 65 | C51: 2 | J51: =J52+J58 -> 1147.4 | K51: =K52+K58 -> 733.2 | L51: =L52+L58 -> 778
A52: Расходы на выплаты по оплате труда работников органов местного самоуправления | B52: 65 | C52: 2 | D52: 00 | E52: 41110 | J52: =J53 -> 782.2 | K52: =K53 -> 606.7 | L52: =L53 -> 650
A53: Расходы на выплаты персоналу в целях обеспечения выполнения функций государственными (муниципальными) органами, казенными учреждениями, органами управления государственными внебюджетными фондами | B53: 65 | C53: 2 | D53: 00 | E53: 41110 | F53: 100 | J53: =J54 -> 782.2 | K53: =K54 -> 606.7 | L53: =L54 -> 650
A54: Расходы на выплаты персоналу государственных (муниципальных) органов | B54: 65 | C54: 2 | D54: 00 | E54: 41110 | F54: 120 | J54: =J55 -> 782.2 | K54: =K55 -> 606.7 | L54: =L55 -> 650
A55: Общегосударственные вопросы | B55: 65 | C55: 2 | D55: 00 | E55: 41110 | F55: 120 | G55: 01 | J55: =J56 -> 782.2 | K55: =K56 -> 606.7 | L55: =L56 -> 650
A56: Функционирование Правительства Российской Федерации, высших исполнительных органов государственной власти субъектов Российской Федерации, местных администраций | B56: 65 | C56: 2 | D56: 00 | E56: 41110 | F56: 120 | G56: 01 | H56: 04 | J56: =J57 -> 782.2 | K56: =K57 -> 606.7 | L56: =L57 -> 650
A57: Администрация Кочуновского сельского поселения Ромодановского муниципального района Республики Мордовия | B57: 65 | C57: 2 | D57: 00 | E57: 41110 | F57: 120 | G57: 01 | H57: 04 | I57: 913 | J57: ='Приложение 2'!J23 -> 782.2 | K57: ='Приложение 2'!K23 -> 606.7 | L57: ='Приложение 2'!L23 -> 650
A58: ='Приложение 2'!A24 -> Расходы на обеспечение выполнения функций органов местного самоуправления | B58: 65 | C58: 2 | D58: 00 | E58: 41120 | J58: =J59+J64 -> 365.2 | K58: =K59+K64 -> 126.5 | L58: =L59+L64 -> 128
A59: Закупка товаров, работ и услуг для обеспечения государственных (муниципальных) нужд | B59: 65 | C59: 2 | D59: 00 | E59: 41120 | F59: 200 | J59: =J60 -> 363.2 | K59: =K60 -> 124.5 | L59: =L60 -> 126
A60: Иные закупки товаров, работ и услуг для обеспечения государственных (муниципальных) нужд | B60: 65 | C60: 2 | D60: 00 | E60: 41120 | F60: 240 | J60: =J61 -> 363.2 | K60: =K61 -> 124.5 | L60: =L61 -> 126
A61: Общегосударственные вопросы | B61: 65 | C61: 2 | D61: 00 | E61: 41120 | F61: 240 | G61: 01 | J61: =J62 -> 363.2 | K61: =K62 -> 124.5 | L61: =L62 -> 126
A62: Функционирование Правительства Российской Федерации, высших исполнительных органов государственной власти субъектов Российской Федерации, местных администраций | B62: 65 | C62: 2 | D62: 00 | E62: 41120 | F62: 240 | G62: 01 | H62: 04 | J62: =J63 -> 363.2 | K62: =K63 -> 124.5 | L62: =L63 -> 126
A63: Администрация Кочуновского сельского поселения Ромодановского муниципального района Республики Мордовия | B63: 65 | C63: 2 | D63: 00 | E63: 41120 | F63: 240 | G63: 01 | H63: 04 | I63: 913 | J63: ='Приложение 2'!J26 -> 363.2 | K63: ='Приложение 2'!K26 -> 124.5 | L63: ='Приложение 2'!L26 -> 126
A64: Иные бюджетные ассигнования | B64: 65 | C64: 2 | D64: 00 | E64: 41120 | F64: 800 | J64: =J65 -> 2 | K64: =K65 -> 2 | L64: =L65 -> 2
A65: Уплата налогов, сборов и иных платежей | B65: 65 | C65: 2 | D65: 00 | E65: 41120 | F65: 850 | J65: =J66 -> 2 | K65: =K66 -> 2 | L65: =L66 -> 2
A66: Общегосударственные вопросы | B66: 65 | C66: 2 | D66: 00 | E66: 41120 | F66: 850 | G66: 01 | J66: =J67 -> 2 | K66: =K67 -> 2 | L66: =L67 -> 2
A67: Функционирование Правительства Российской Федерации, высших исполнительных органов государственной власти субъектов Российской Федерации, местных администраций | B67: 65 | C67: 2 | D67: 00 | E67: 41120 | F67: 850 | G67: 01 | H67: 04 | J67: =J68 -> 2 | K67: =K68 -> 2 | L67: =L68 -> 2
A68: Администрация Кочуновского сельского поселения Ромодановского муниципального района Республики Мордовия | B68: 65 | C68: 2 | D68: 00 | E68: 41120 | F68: 850 | G68: 01 | H68: 04 | I68: 913 | J68: ='Приложение 2'!J28 -> 2 | K68: ='Приложение 2'!K28 -> 2 | L68: ='Приложение 2'!L28 -> 2
A69: ='Приложение 2'!A75 -> Непрограммные расходы главных распорядителей средств бюджета Кочуновского сельского поселения Ромодановского муниципального района Республики Мордовия | B69: 89 | J69: =J70 -> 480.2 | K69: =K70 -> 471.6 | L69: =L70 -> 539
A70: ='Приложение 2'!A76 -> Непрограммные расходы в рамках обеспечения деятельности главных распорядителей средств бюджета Кочуновского сельского поселения Ромодановского муниципального района Республики Мордовия | B70: 89 | C70: 1 | J70: =J71+J77+J83+J106+J95+J89 -> 480.2 | K70: =K71+K77+K106+K83+K95 -> 471.6 | L70: =L71+L77+L106+L83+L95 -> 539
A71: ='Приложение 2'!A77 -> Доплаты к пенсиям муниципальных служащих Республики Мордовия | B71: 89 | C71: 1 | D71: 00 | E71: 03010 | J71: =J72 -> 221.3 | K71: =K72 -> 221.3 | L71: =L72 -> 221.3
A72: ='Приложение 2'!A78 -> Социальное обеспечение и иные выплаты населению | B72: 89 | C72: 1 | D72: 00 | E72: 03010 | F72: 300 | J72: =J73 -> 221.3 | K72: =K73 -> 221.3 | L72: =L73 -> 221.3
A73: ='Приложение 2'!A79 -> Публичные нормативные социальные выплаты гражданам | B73: 89 | C73: 1 | D73: 00 | E73: 03010 | F73: 310 | J73: =J74 -> 221.3 | K73: =K74 -> 221.3 | L73: =L74 -> 221.3
A74: ='Приложение 2'!A73 -> Социальная политика | B74: 89 | C74: 1 | D74: 00 | E74: 03010 | F74: 310 | G74: 10 | J74: =J75 -> 221.3 | K74: =K75 -> 221.3 | L74: =L75 -> 221.3
A75: ='Приложение 2'!A74 -> Пенсионное обеспечение | B75: 89 | C75: 1 | D75: 00 | E75: 03010 | F75: 310 | G75: 10 | H75: 01 | J75: ='Приложение 2'!J79 -> 221.3 | K75: =K76 -> 221.3 | L75: =L76 -> 221.3
A76: =A68 -> Администрация Кочуновского сельского поселения Ромодановского муниципального района Республики Мордовия | B76: 89 | C76: 1 | D76: 00 | E76: 03010 | F76: 310 | G76: 10 | H76: 01 | I76: 913 | J76: ='Приложение 2'!J79 -> 221.3 | K76: ='Приложение 2'!K79 -> 221.3 | L76: ='Приложение 2'!L79 -> 221.3
A77: ='Приложение 2'!A37 -> Резервный фонд администрации Кочуновского сельского поселения Ромодановского муниципального района Республики Мордовия | B77: 89 | C77: 1 | D77: 00 | E77: 41180 | J77: =J78 -> 5 | K77: =K78 -> 5 | L77: =L78 -> 5
A78: ='Приложение 2'!A38 -> Иные бюджетные ассигнования | B78: 89 | C78: 1 | D78: 00 | E78: 41180 | F78: 800 | J78: =J79 -> 5 | K78: =K79 -> 5 | L78: =L79 -> 5
A79: ='Приложение 2'!A39 -> Резервные средства | B79: 89 | C79: 1 | D79: 00 | E79: 41180 | F79: 870 | J79: =J80 -> 5 | K79: =K80 -> 5 | L79: =L80 -> 5
A80: ='Приложение 2'!A8 -> Общегосударственные вопросы | B80: 89 | C80: 1 | D80: 00 | E80: 41180 | F80: 870 | G80: 01 | J80: =J81 -> 5 | K80: =K81 -> 5 | L80: =L81 -> 5
A81: ='Приложение 2'!A34 -> Резервные фонды | B81: 89 | C81: 1 | D81: 00 | E81: 41180 | F81: 870 | G81: 01 | H81: 11 | J81: =J82 -> 5 | K81: =K82 -> 5 | L81: =L82 -> 5
A82: =A76 -> Администрация Кочуновского сельского поселения Ромодановского муниципального района Республики Мордовия | B82: 89 | C82: 1 | D82: 00 | E82: 41180 | F82: 870 | G82: 01 | H82: 11 | I82: 913 | J82: ='Приложение 2'!J39 -> 5 | K82: ='Приложение 2'!K39 -> 5 | L82: ='Приложение 2'!L39 -> 5
A83: ='Приложение 2'!A84 -> Процентные платежи по муниципальному долгу | B83: 89 | C83: 1 | D83: 00 | E83: 41240 | J83: =J84 -> 0.7 | K83: =K84 -> 0.6 | L83: =L84 -> 0.6
A84: ='Приложение 2'!A85 -> Обслуживание государственного (муниципального) долга | B84: 89 | C84: 1 | D84: 00 | E84: 41240 | F84: 700 | J84: =J85 -> 0.7 | K84: =K85 -> 0.6 | L84: =L85 -> 0.6
A85: ='Приложение 2'!A86 -> Обслуживание муниципального долга | B85: 89 | C85: 1 | D85: 00 | E85: 41240 | F85: 730 | J85: =J86 -> 0.7 | K85: =K86 -> 0.6 | L85: =L86 -> 0.6
A86: ='Приложение 2'!A8 -> Общегосударственные вопросы | B86: 89 | C86: 1 | D86: 00 | E86: 41240 | F86: 730 | G86: 01 | J86: =J87 -> 0.7 | K86: =K87 -> 0.6 | L86: =L87 -> 0.6
A87: ='Приложение 2'!A80 -> Обслуживание государственного (муниципального)долга | B87: 89 | C87: 1 | D87: 00 | E87: 41240 | F87: 730 | G87: 01 | H87: 13 | J87: =J88 -> 0.7 | K87: =K88 -> 0.6 | L87: =L88 -> 0.6
A88: =A82 -> Администрация Кочуновского сельского поселения Ромодановского муниципального района Республики Мордовия | B88: 89 | C88: 1 | D88: 00 | E88: 41240 | F88: 730 | G88: 01 | H88: 13 | I88: 913 | J88: ='Приложение 2'!J86 -> 0.7 | K88: ='Приложение 2'!K86 -> 0.6 | L88: ='Приложение 2'!L86 -> 0.6
A89: ='Приложение 2'!A59 -> Мероприятия по землеустройству и землепользованию | B89: 89 | C89: 1 | D89: 00 | E89: 42370 | J89: =J90 -> 35
A90: ='Приложение 2'!A67 -> Закупка товаров, работ и услуг для обеспечения государственных (муниципальных) нужд | B90: 89 | C90: 1 | D90: 00 | E90: 42370 | F90: 200 | J90: =J91 -> 35
A91: ='Приложение 2'!A68 -> Иные закупки товаров, работ и услуг для обеспечения государственных (муниципальных) нужд | B91: 89 | C91: 1 | D91: 00 | E91: 42370 | F91: 240 | J91: =J92 -> 35
A92: ='Приложение 2'!A49 -> Национальная экономика | B92: 89 | C92: 1 | D92: 00 | E92: 42370 | F92: 240 | G92: 04 | J92: =J93 -> 35
A93: ='Приложение 2'!A56 -> Другие вопросы в облости национальной экономики | B93: 89 | C93: 1 | D93: 00 | E93: 42370 | F93: 240 | G93: 04 | H93: 12 | J93: =J94 -> 35
A94: =A88 -> Администрация Кочуновского сельского поселения Ромодановского муниципального района Республики Мордовия | B94: 89 | C94: 1 | D94: 00 | E94: 42370 | F94: 240 | G94: 04 | H94: 12 | I94: 913 | J94: ='Приложение 2'!J61 -> 35
A95: ='Приложение 2'!A44 -> Осуществление государственных полномочий Российской Федерации по воинскому учету в поселениях, на территориях которых отсутствуют структурные подразделения военных комиссариатов | B95: 89 | C95: 1 | D95: 00 | E95: 51180 | J95: =J96+J101 -> 217.4 | K95: =K96+K101 -> 243.8 | L95: =L96+L101 -> 311.2
A96: ='Приложение 2'!A45 -> Расходы на выплаты персоналу в целях обеспечения выполнения функций государственными (муниципальными) органами, казенными учреждениями, органами управления государственными внебюджетными фондами | B96: 89 | C96: 1 | D96: 00 | E96: 51180 | F96: 100 | J96: =J97 -> 214.4 | K96: =K97 -> 240.8 | L96: =L97 -> 308.2
A97: ='Приложение 2'!A46 -> Расходы на выплаты персоналу государственных (муниципальных) органов | B97: 89 | C97: 1 | D97: 00 | E97: 51180 | F97: 120 | J97: =J98 -> 214.4 | K97: =K98 -> 240.8 | L97: =L98 -> 308.2
A98: =A103 -> Национальная оборона | B98: 89 | C98: 1 | D98: 00 | E98: 51180 | F98: 120 | G98: 02 | J98: =J99 -> 214.4 | K98: =K99 -> 240.8 | L98: =L99 -> 308.2
A99: =A104 -> Мобилизационная и вневойсковая подготовка | B99: 89 | C99: 1 | D99: 00 | E99: 51180 | F99: 120 | G99: 02 | H99: 03 | J99: =J100 -> 214.4 | K99: =K100 -> 240.8 | L99: =L100 -> 308.2
A100: =A105 -> Администрация Кочуновского сельского поселения Ромодановского муниципального района Республики Мордовия | B100: 89 | C100: 1 | D100: 00 | E100: 51180 | F100: 120 | G100: 02 | H100: 03 | I100: 913 | J100: ='Приложение 2'!J46 -> 214.4 | K100: ='Приложение 2'!K46 -> 240.8 | L100: ='Приложение 2'!L46 -> 308.2
...

Sheet прил 5
C2: Приложение 5 к решению Совета депутатов Кочуновского сельского поселения Ромодановского муниципального района Республики Мордовия «О внесении изменений в решение Совета депутатов Кочуновского сельского поселения Ромодановского муниципального района Республики Мордовия от 25 декабря 2025 г №100 «О бюджете Кочуновского сельского поселения Ромодановского муниципального района Республики Мордовия на 2026 год и на плановый период 2027 и 2028 годов» Приложение 6 к решению Совета депутатов Кочуновского сельского поселения Ромодановского муниципального района Республики Мордовия «О бюджете Кочуновского сельского поселения Ромодановского муниципального района Республики Мордовия на 2026 год и на плановый период 2027 и 2028 годов»
A3: ИСТОЧНИКИ ВНУТРЕННЕГО ФИНАНСИРОВАНИЯ ДЕФИЦИТА БЮДЖЕТА КОЧУНОВСКОГО СЕЛЬСКОГО ПОСЕЛЕНИЯ РОМОДАНОВСКОГО МУНИЦИПАЛЬНОГО РАЙОНА РЕСПУБЛИКИ МОРДОВИЯ НА 2026 ГОД И НА ПЛАНОВЫЙ ПЕРИОД 2027 и 2028 ГОДОВ
A7: Код | B7: Наименование кода группы, подгруппы, статьи, вида источника финансирования дефицитов бюджетов, кода классификации операций сектора государственного управления, относящихся к источникам финансирования дефицитов бюджетов Российской Федерации | C7: Сумма (тыс. руб.)
C8: 2026 год | D8: 2027 год | E8: 2028 год
A9: 1 | B9: 2 | C9: 3 | D9: 4 | E9: 5
A10: 000 01 00 00 00 00 0000 000 | B10: ИСТОЧНИКИ ВНУТРЕННЕГО ФИНАНСИРОВАНИЯ ДЕФИЦИТОВ БЮДЖЕТОВ | C10: =C14+C22 -> 301.5 | D10: =D14 -> -35.5 | E10: =E14 -> 42.6
A11: 000 01 02 00 00 00 0000 000 | B11: Кредиты кредитных организаций в валюте Российской Федерации | C11: =SUM(C12) -> 0 | D11: =SUM(D12) -> 0 | E11: =SUM(E12) -> 0
A12: 000 01 02 00 00 00 0000 700 | B12: Привлечение кредитов от кредитных организаций в валюте Российской Федерации | C12: =SUM(C13) -> 0 | D12: =SUM(D13) -> 0 | E12: =SUM(E13) -> 0
A13: 000 01 02 00 00 05 0000 710 | B13: Привлечение кредитов от кредитных организаций бюджетами муниципальных районов в валюте Российской Федерации
A14: 000 01 03 00 00 00 0000 000 | B14: Бюджетные кредиты из других бюджетов бюджетной системы Российской Федерации | C14: =C15 -> -28.4 | D14: =D15 -> -35.5 | E14: =E15 -> 42.6
A15: 000 01 03 01 00 00 0000 000 | B15: Бюджетные кредиты из других бюджетов бюджетной системы Российской Федерации в валюте Российской Федерации | C15: =C16 -> -28.4 | D15: =D16 -> -35.5 | E15: =E16 -> 42.6
A16: 000 01 03 01 00 00 0000 800 | B16: Погашение бюджетных кредитов, полученных из других бюджетов бюджетной системы Российской Федерации в валюте Российской Федерации | C16: =SUM(C17) -> -28.4 | D16: =SUM(D17) -> -35.5 | E16: =SUM(E17) -> 42.6
A17: 000 01 03 01 00 10 0000 810 | B17: Погашение бюджетами сельских поселений кредитов из других бюджетов бюджетной системы Российской Федерации в валюте Российской Федерации | C17: -28.4 | D17: -35.5 | E17: 42.6
A18: 000 01 06 00 00 00 0000 000 | B18: Иные источники внутреннего финансирования дефицитов бюджетов | C18: =C19 -> 0 | D18: =D19 -> 0 | E18: =E19 -> 0
A19: 000 01 06 05 00 00 0000 000 | B19: Бюджетные кредиты, предоставленные внутри страны в валюте Российской Федерации | C19: =C20 -> 0 | D19: =D20 -> 0 | E19: =E20 -> 0
A20: 000 01 06 05 02 00 0000 600 | B20: Возврат бюджетных кредитов, предоставленных другим бюджетам бюджетной системы Российской Федерации в валюте Российской Федерации | C20: =C21 -> 0 | D20: =D21 -> 0 | E20: =E21 -> 0
A21: 000 01 06 05 02 05 0000 640 | B21: Возврат бюджетных кредитов, предоставленных другим бюджетам бюджетной системы Российской Федерации из бюджетов муниципальных районов в валюте Российской Федерации | C21: 0 | D21: 0 | E21: 0
A22: 000 01 05 00 00 00 0000 000 | B22: Изменения остатков средств на счетах по учету средств бюджета | C22: =C23+C26 -> 329.9 | D22: 0 | E22: 0
A23: 000 01 05 02 00 00 0000 500 | B23: Увеличение прочих остатков средств бюджетов | C23: =SUM(C24) -> -3608.5 | D23: =SUM(D24) -> -2341.8 | E23: =SUM(E24) -> -2472.8
A24: 000 01 05 02 01 00 0000 510 | B24: Увеличение прочих остатков денежных средств бюджетов | C24: =SUM(C25) -> -3608.5 | D24: =SUM(D25) -> -2341.8 | E24: =SUM(E25) -> -2472.8
A25: 000 01 05 02 01 10 0000 510 | B25: Увеличение прочих остатков денежных средств бюджетов сельских поселений | C25: -3608.5 | D25: -2341.8 | E25: -2472.8
A26: 000 01 05 02 00 00 0000 600 | B26: Уменьшение прочих остатков средств бюджетов | C26: =SUM(C27) -> 3938.4 | D26: =SUM(D27) -> 2341.8 | E26: =SUM(E27) -> 2472.8
A27: 000 01 05 02 01 00 0000 610 | B27: Уменьшение прочих остатков денежных средств бюджетов | C27: =SUM(C28) -> 3938.4 | D27: =SUM(D28) -> 2341.8 | E27: =SUM(E28) -> 2472.8
A28: 000 01 05 02 01 05 0000 610 | B28: Уменьшение прочих остатков денежных средств бюджетов муниципальных районов | C28: 3938.4 | D28: 2341.8 | E28: 2472.8
A29: 000 01 00 00 00 00 0000 000 | B29: Итого источников внутреннего финансирования дефицита бюджета Кочуновского сельского поселения Ромодановского муниципального района Республики Мордовия | C29: 0 | D29: 0 | E29: 0
B30: собственные доходы | C30: 602.5 | D30: 616.9 | E30: 631.9

Sheet прил6
D3: Приложение 6 к решению Совета депутатов Кочуновского сельского поселения Ромодановского муниципального района Республики Мордовия «О внесении изменений в решение Совета депутатов Кочуновского сельского поселения Ромодановского муниципального района Республики Мордовия от 25 декабря 2025 г №100 «О бюджете Кочуновского сельского поселения Ромодановского муниципального района Республики Мордовия на 2026 год и на плановый период 2027 и 2028 годов» Приложение 7 к решению Совета депутатов Кочуновского сельского поселения Ромодановского муниципального района Республики Мордовия «О бюджете Кочуновского сельского поселения Ромодановского муниципального района Республики Мордовия на 2026 год и на плановый период 2027 и 2028 годов»
A4: ПРОГРАММА МУНИЦИПАЛЬНЫХ ВНУТРЕННИХ ЗАИМСТВОВАНИЙ КОЧУНОВСКОГО СЕЛЬСКОГО ПОСЕЛЕНИЯ РОМОДАНОВСКОГО МУНИЦИПАЛЬНОГО РАЙОНА РЕСПУБЛИКИ МОРДОВИЯ НА 2026 ГОД И НА ПЛАНОВЫЙ ПЕРИОД 2027 И 2028 ГОДОВ
A8: № п/п | B8: ВИДЫ ЗАИМСТВОВАНИЙ | C8: Сумма (тыс. рублей)
C9: 2026 год | D9: 2027 год | E9: 2028 год
A10: 1 | B10: 2 | C10: 3 | D10: 4 | E10: 5
A11: ВСЕГО
A12: I | B12: Кредиты кредитных организаций в валюте Российской Федерации | C12: =C14 -> 0 | D12: =D14 -> 0 | E12: =E14 -> 0
B13: в том числе
A14: 1 | B14: Объем привлечения
A15: 2 | B15: Объем средств, направляемых на погашение основной суммы долга
A16: 11 | B16: Бюджетные кредиты от других бюджетов бюджетной системы Российской Федерации | C16: =C19 -> -28.4 | D16: =D19 -> -35.5 | E16: =E19 -> 42.6
B17: в том числе
A18: 1 | B18: Объем привлечения
A19: 2 | B19: Объем средств, направляемых на погашение основной суммы долга | C19: ='прил 5'!C17 -> -28.4 | D19: ='прил 5'!D17 -> -35.5 | E19: ='прил 5'!E17 -> 42.6
B20: ВСЕГО | C20: =C14+C19 -> -28.4 | D20: =D14+D19 -> -35.5 | E20: =E14+E19 -> 42.6
